 Dungeon Crawl Stone Soup version 0.28.0 (webtiles) character file.

Game seed: 11216819435782412112

1586 Renzlar the Shield-Bearer (level 8, 0/67 HPs)
             Began as a Gnoll Fighter on Feb 14, 2022.
             Was a Follower of Okawaru.
             Slain by a mummy (8 damage)
             ... in an ossuary.
             The game lasted 00:16:54 (5803 turns).

Renzlar the Shield-Bearer (Gnoll Fighter)           Turns: 5803, Time: 00:16:55

Health: 0/67       AC: 16    Str: 18    XL:     8   Next: 92%
Magic:  13/13      EV:  8    Int:  7    God:    Okawaru [*.....]
Gold:   300        SH:  6    Dex: 12    Spells: 14/14 levels left

rFire   . . .      SeeInvis .   a - +0 war axe
rCold   . . .      Faith    .   A - +0 buckler
rNeg    . . .      Spirit   .   e - +1 chain mail
rPois   .          Reflect  .   l - +0 helmet
rElec   .          Harm     .   o - +0 cloak
rCorr   .          Rampage  .   h - +1 pair of gloves
Will    .....                   (no boots)
Stlth   ..........              (no amulet)
HPRegen 0.21/turn               (no ring)
MPRegen 0.13/turn               (no ring)

@: mighty
A: fangs 1, strong nose, distributed training
a: Renounce Religion, Heroism


You were in an ossuary.
You worshipped Okawaru.
Okawaru was aware of your devotion.
You visited 2 branches of the dungeon, and saw 7 of its levels.
You also visited: Ossuary.

You collected 300 gold pieces.

Inventory:

Hand Weapons
 a - a +0 war axe (weapon)
 c - a +0 hunting sling
 f - a +1 spear of flaming
Missiles
 j - 101 stones (quivered)
 k - 14 poisoned darts
 t - 71 bolts
Armour
 b - a +0 scale mail
 e - a +1 chain mail (worn)
 h - a +1 pair of gloves (worn)
 l - a +0 helmet (worn)
 o - a +0 cloak (worn)
 A - a +0 buckler (worn)
Jewellery
 s - a ring of ice
Scrolls
 m - 5 scrolls of teleportation
 x - a scroll of blinking
Potions
 d - a potion of might
 g - a potion of attraction {unknown}
 i - a potion of heal wounds {unknown}
 n - 3 potions of flight
 r - 2 potions of mutation
 u - a potion of magic {unknown}
 w - a potion of lignification


   Skills:
 + Level 7.6 Fighting
 + Level 3.7 Short Blades
 + Level 3.7 Long Blades
 + Level 5.9 Axes
 + Level 3.7 Maces & Flails
 + Level 3.7 Polearms
 + Level 3.7 Staves
 + Level 3.7 Slings
 + Level 3.7 Bows
 + Level 3.7 Crossbows
 + Level 3.7 Throwing
 + Level 7.6 Armour
 + Level 3.7 Dodging
 + Level 3.7 Stealth
 + Level 7.6 Shields
 + Level 3.7 Unarmed Combat
 + Level 3.7 Spellcasting
 + Level 3.0 Conjurations
 + Level 3.0 Hexes
 + Level 3.0 Summonings
 + Level 3.0 Necromancy
 + Level 3.0 Translocations
 + Level 3.0 Transmutations
 + Level 3.0 Fire Magic
 + Level 3.0 Ice Magic
 + Level 3.0 Air Magic
 + Level 3.0 Earth Magic
 + Level 3.0 Poison Magic
 + Level 4.0 Invocations
 + Level 3.7 Evocations


You had 14 spell levels left.
You didn't know any spells.
Your spell library contained the following spells:

 Spells                   Type           Power      Damage    Failure   Level
 Ensorcelled Hibernation  Hex/Ice        10%        N/A       87%         2
 Spider Form              Tmut/Pois      5%         N/A       98%         3
 Anguish                  Hex/Necr       2%         N/A       100%        4


Dungeon Overview and Level Annotations

Branches:
Dungeon (6/15)             Temple (1/1) D:4         Ossuary (1/1)

Altars:
Ashenzari
Cheibriados
Dithmenos
Fedhas
Gozag
Kikubaaqudgha
Makhleb
Nemelex Xobeh
Okawaru
Ru
Trog
Vehumet
Wu Jian
Xom
Yredelemnul
Zin
The Shining One

Shops:
D:1 :


Innate Abilities, Weirdness & Mutations

You have very sharp teeth.
Your uncanny sense of smell can sniff out nearby items.
Your experience applies equally to all skills.


Message History

The steam dragon bites you but does no damage.
The steam dragon barely misses you.
You slash the steam dragon!
You kill the steam dragon!
Okawaru accepts your kill.
Your Conjurations skill increases to level 3!
Your Hexes skill increases to level 3!
Your Summonings skill increases to level 3!
Your Necromancy skill increases to level 3!
Your Translocations skill increases to level 3!
Your Transmutations skill increases to level 3!
Your Fire Magic skill increases to level 3!
Your Ice Magic skill increases to level 3!
Your Air Magic skill increases to level 3!
Your Earth Magic skill increases to level 3!
Your Poison Magic skill increases to level 3!
Your Invocations skill increases to level 4!
Unknown command.
p - an amulet of faith You drop an amulet of faith.
You feel like a meek peon again.
There is a sand-covered staircase here.
The world spins around you as you enter the gateway.
You enter an ossuary!
Found a gate leading back out of this place.
There is an empty arch of ancient stone here.
You slash the mummy! You bite the mummy.
The mummy is almost destroyed.
You hit the mummy. You completely miss the mummy. The mummy hits you!
* * * LOW HITPOINT WARNING * * *
The mummy hits you!
* * * LOW HITPOINT WARNING * * *
The mummy closely misses you.
You slice the mummy!!
You destroy the mummy!
Okawaru accepts your kill.
You slash the mummy! You barely miss the mummy.
Unknown command.
You feel better. You block the mummy's attack. The mummy hits you!
You die...

#######
#.#.#.#
#.....#
#M.M#
#.@.#
#...#
#.∩.#
#...#
##+##


You could see 2 mummies.

Vanquished Creatures
  A steam dragon (D:6)
  2 sky beasts
  A necrophage (D:5)
  An ogre (D:5)
  3 centaurs
  A kobold brigand (D:4)
  A gnoll sergeant (D:5)
  A bullfrog (D:6)
  3 scorpions
  A water moccasin skeleton (D:4)
  A howler monkey (D:5)
  A bullfrog zombie (D:5)
  Crazy Yiuf (D:2)
  A centaur skeleton (D:5)
  A bullfrog skeleton (D:5)
  An orc wizard (D:3)
  A mummy (Ossuary)
  A howler monkey skeleton (D:5)
  8 adders
  8 gnolls
  An ufetubus (D:4)
  An adder zombie (D:5)
  2 worms
  3 dart slugs
  6 orcs (D:3)
  3 endoplasms
  3 giant cockroaches
  5 goblins
  4 hobgoblins
  4 jackals (D:2)
  5 kobolds
  4 quokkas
  8 ball pythons
  4 bats
  3 frilled lizards
  4 rats
99 creatures vanquished.

Vanquished Creatures (others)
  3 fungi (D:2)
3 creatures vanquished.

Grand Total: 102 creatures vanquished

Notes
Turn   | Place    | Note
-------+----------+-------------------------------------------
     0 | D:1      | Renzlar the Gnoll Fighter began the quest for the Orb.
     0 | D:1      | Reached XP level 1. HP: 23/23 MP: 1/1
    28 | D:1      | Found Hyulagh's Book Shop.
   169 | D:1      | Reached XP level 2. HP: 26/29 MP: 2/2
   616 | D:2      | Reached XP level 3. HP: 15/35 MP: 3/3
   868 | D:2      | Reached skill level 1 in Invocations
   875 | D:2      | Reached skill level 1 in Short Blades
   875 | D:2      | Reached skill level 1 in Long Blades
   875 | D:2      | Reached skill level 1 in Maces & Flails
   875 | D:2      | Reached skill level 1 in Polearms
   875 | D:2      | Reached skill level 1 in Staves
   875 | D:2      | Reached skill level 1 in Slings
   875 | D:2      | Reached skill level 1 in Bows
   875 | D:2      | Reached skill level 1 in Crossbows
   875 | D:2      | Reached skill level 1 in Throwing
   875 | D:2      | Reached skill level 1 in Dodging
   875 | D:2      | Reached skill level 1 in Stealth
   875 | D:2      | Reached skill level 1 in Unarmed Combat
   875 | D:2      | Reached skill level 1 in Spellcasting
   875 | D:2      | Reached skill level 1 in Evocations
  1061 | D:2      | Reached XP level 4. HP: 13/41 MP: 5/5
  1294 | D:2      | Found a faded altar of an unknown god.
  1565 | D:2      | Found a runed translucent door.
  1566 | D:2      | Noticed Crazy Yiuf
  1700 | D:2      | Found a basalt altar of Yredelemnul.
  1709 | D:2      | Reached skill level 1 in Conjurations
  1709 | D:2      | Reached skill level 1 in Hexes
  1709 | D:2      | Reached skill level 1 in Summonings
  1709 | D:2      | Reached skill level 1 in Necromancy
  1709 | D:2      | Reached skill level 1 in Translocations
  1709 | D:2      | Reached skill level 1 in Transmutations
  1709 | D:2      | Reached skill level 1 in Fire Magic
  1709 | D:2      | Reached skill level 1 in Ice Magic
  1709 | D:2      | Reached skill level 1 in Air Magic
  1709 | D:2      | Reached skill level 1 in Earth Magic
  1709 | D:2      | Reached skill level 1 in Poison Magic
  1861 | D:2      | Killed Crazy Yiuf
  1862 | D:2      | Reached XP level 5. HP: 10/47 MP: 6/6
  3313 | D:4      | Noticed a kobold brigand
  3335 | D:4      | Killed a kobold brigand
  3336 | D:4      | Reached XP level 6. HP: 45/53 MP: 8/8
  3623 | D:4      | Reached skill level 5 in Axes
  3884 | D:4      | Found a staircase to the Ecumenical Temple.
  3893 | D:4      | Reached XP level 7. HP: 40/59 MP: 10/10
  3908 | Temple   | Entered the Ecumenical Temple
  3999 | Temple   | Became a worshipper of Warmaster Okawaru
  4155 | D:5      | Entered Level 5 of the Dungeon
  4532 | D:5      | Reached XP level 8. HP: 65/67 MP: 12/12
  4676 | D:5      | Reached * piety under Okawaru
  5768 | D:6      | Found a sand-covered staircase.
  5796 | Ossuary  | Entered an ossuary
  5801 | Ossuary  | HP: 3/67 [mummy (9)]
  5803 | Ossuary  | Slain by a mummy

Illustrated notes

Levels and vault maps discovered:
D:1:      amcnicky_arrival_flooded_fountain, layout_rooms, serial_shops, shop,
          minivault_14, st_stairs_1
D:2:      layout_loops_ring, hellmonk_ecumenical_altar_blasted, basic_altar,
          uniq_crazy_yiuf_cottage
D:3:      layout_basic
D:4:      layout_basic, minmay_temple_entry_glassed_door,
          corexii_leaking_fountain
D:5:      layout_loops_cross
D:6:      layout_layer_cave, nicolae_ossuary_entry_ruins, uniq_prince_ribbit1
Temple:   dpeg_three_leaves_temple
Ossuary:  ossuary_minmay_chase

Skill      XL: |  1  2  3  4  5  6  7  8 |
---------------+-------------------------+-----
Invocations    | 1 2 3 4 |  4.0
Short Blades   | 1 2 3 |  3.7
Long Blades    | 1 2 3 |  3.7
Maces & Flails | 1 2 3 |  3.7
Polearms       | 1 2 3 |  3.7
Staves         | 1 2 3 |  3.7
Slings         | 1 2 3 |  3.7
Bows           | 1 2 3 |  3.7
Crossbows      | 1 2 3 |  3.7
Throwing       | 1 2 3 |  3.7
Dodging        | 1 2 3 |  3.7
Stealth        | 1 2 3 |  3.7
Unarmed Combat | 1 2 3 |  3.7
Spellcasting   | 1 2 3 |  3.7
Evocations     | 1 2 3 |  3.7
Conjurations   | 1 2 3 |  3.0
Hexes          | 1 2 3 |  3.0
Summonings     | 1 2 3 |  3.0
Necromancy     | 1 2 3 |  3.0
Translocations | 1 2 3 |  3.0
Transmutations | 1 2 3 |  3.0
Fire Magic     | 1 2 3 |  3.0
Ice Magic      | 1 2 3 |  3.0
Air Magic      | 1 2 3 |  3.0
Earth Magic    | 1 2 3 |  3.0
Poison Magic   | 1 2 3 |  3.0
Axes           | 5 |  5.9
Fighting       | 7 |  7.6
Armour         | 7 |  7.6
Shields        | 7 |  7.6

Action                   |  1- 3 |  4- 6 |  7- 9 || total
-------------------------+-------+-------+-------++-------
Melee: War axe           |    82 |   151 |   100 ||   333
       Bite              |     6 |    11 |    11 ||    28
       Spear             |       |       |    18 ||    18
 Fire: Hunting sling     |       |     3 |    54 ||    57
Throw: Stone             |       |    33 |       ||    33
Invok: Heroism           |       |       |     1 ||     1
  Use: Scroll            |     4 |     1 |     9 ||    14
       Potion            |       |       |     2 ||     2
Armor: Chain mail        |    46 |    97 |    76 ||   219
Dodge: Dodged            |    28 |    44 |    47 ||   119
Block: Buckler           |    25 |    50 |    43 ||   118
